 Dungeon Crawl Stone Soup version 0.25-a0-435-g4b9beb1024 (webtiles) character file.

Game seed: 7824668132241805865, levelgen mode: deterministic

115 Nattfarinn the Caller (level 5, -1/38 HPs)
             Began as a Barachi Summoner on Jan 29, 2020.
             Slain by Sigmund
             ... wielding a +0 scythe
              (6 damage)
             ... on level 2 of the Dungeon.
             The game lasted 00:07:31 (2419 turns).

Nattfarinn the Caller (Barachi Summoner)            Turns: 2419, Time: 00:07:31

Health: -1/38      AC:  2    Str:  9 (10) XL:     5   Next: 0%
Magic:  3/9        EV: 12    Int: 13 (16) God:
Gold:   135        SH:  0    Dex: 10 (12) Spells: 3/9 levels left

rFire    . . .     SeeInvis .   j - +0 rapier
rCold    . . .     Gourm    .   (no shield)
rNeg     . . .     Faith    .   a - +0 robe
rPois    .         Spirit   .   (no helmet)
rElec    .         Reflect  .   (no cloak)
rCorr    .         Harm     .   (no gloves)
MR       .....                  (no boots)
Stlth    ++........             (no amulet)
HPRegen  0.12/turn              (no ring)
MPRegen  0.11/turn              (no ring)

@: about to teleport, slow
A: +LOS, swims, slowness 1, strong legs 1
a: Hop


You were on level 2 of the Dungeon.
You were near starving.

You visited 1 branch of the dungeon, and saw 2 of its levels.

You collected 135 gold pieces.

Inventory:

Hand Weapons
 j - a +0 rapier (weapon)
Armour
 a - a +0 robe (worn)
 e - +0 gold dragon scales
Scrolls
 d - 2 scrolls of identify {unknown}
 f - 2 scrolls of teleportation
 g - a scroll of remove curse
 h - a scroll of fear {unknown}
 l - a scroll of immolation {unknown}
Comestibles
 c - 5 rations


   Skills:
 * Level 2.2 Fighting
 * Level 2.4 Armour
 + Level 2.8 Dodging
 - Level 1.7 Stealth
 + Level 2.7 Spellcasting
 * Level 5.6 Summonings


You had 3 spell levels left.
You knew the following spells:

 Your Spells              Type           Power        Failure   Level  Hunger
a - Summon Small Mammal   Summ           ###.         2%          1    #......
b - Call Imp              Summ           ###.....     3%          2    ###....
c - Call Canine Familiar  Summ           ###.....     7%          3    ###....

Your spell library contained the following spells:

 Spells                   Type           Power        Failure   Level  Hunger
 Summon Guardian Golem    Hex/Summ       #.......     22%         3    ###....
 Summon Ice Beast         Ice/Summ       #.......     58%         4    #####..
 Summon Lightning Spire   Summ/Air       #.......     58%         4    #####..


Dungeon Overview and Level Annotations

Branches:
Dungeon (2/15)

Altars:

Annotations:
D:2 Sigmund


Innate Abilities, Weirdness & Mutations

You can be seen from farther away. (+LOS)
You can swim through water.
You cover ground slowly.
You can hop short distances.


Message History

Your hound disappears in a puff of smoke!
Casting: Call Canine Familiar (safe; 6% risk of failure)
Confirm with . or Enter, or press ? or * to list all spells.
Your hound bites something.
Your hound barely misses something.
A puff of flame appears from out of thin air!
The puff of flame hits you!
Your hound bites something.
Your hound barely misses something.
Your hound bites something but does no damage.
A magic dart appears from out of thin air!
The magic dart hits you!
* * * LOW HITPOINT WARNING * * *
Your hound misses something.
It was a potion of degeneration.
There was something very wrong with that liquid.
You feel weakened.
You feel dopey.
You feel clumsy.
Your hound barely misses something.
As you read the scroll of teleportation, it crumbles to dust.
You feel strangely unstable. Something hits you.
You die...

#.# #.[###.#### #.#####........##
#............#.##
#.......######.## #.......# #.##
#.......######.## ##########
#...............#
.........########################
....ยง........h..@....)...........
##.....(.............)...........
#.######..############......####
#.# ##.# #......#### #.# #.#
#......#...
#.#######.############).....#...
.....................'......'...
#.#######..#####.#####......#...
#.# ##.# #.# #......####


You could see a friendly hound.

Vanquished Creatures
  A gnoll (D:2)
  2 adders (D:2)
  2 leopard geckos (D:2)
  4 bats
  3 giant cockroaches
  4 goblins
  A hobgoblin (D:1)
  A quokka (D:2)
  3 frilled lizards
  2 rats (D:2)
23 creatures vanquished.

Vanquished Creatures (collateral kills)
  A hound (D:2)
  Jessica (D:2)
  3 gnolls (D:2)
  An adder (D:2)
  A leopard gecko (D:1)
  4 giant cockroaches
  3 goblins (D:1)
  2 hobgoblins
  2 bats
  A frilled lizard (D:2)
  3 kobolds
  A rat (D:1)
23 creatures vanquished.

Grand Total: 46 creatures vanquished

Notes
Turn   | Place    | Note
-------+----------+-------------------------------------------
     0 | D:1      | Nattfarinn the Barachi Summoner began the quest for the
                  | Orb.
     0 | D:1      | Reached XP level 1. HP: 13/13 MP: 3/3
   565 | D:1      | Reached XP level 2. HP: 4/20 MP: 5/5
   860 | D:1      | Reached skill level 1 in Armour
   865 | D:1      | Learned a level 2 spell: Call Imp
   902 | D:1      | Reached skill level 1 in Fighting
   902 | D:1      | Reached skill level 5 in Summonings
  1578 | D:2      | Reached XP level 3. HP: 25/26 MP: 6/6
  1583 | D:2      | Learned a level 3 spell: Call Canine Familiar
  1598 | D:2      | Noticed Jessica
  1605 | D:2      | Killed Jessica
  2054 | D:2      | Reached XP level 4. HP: 33/33 MP: 3/7
  2385 | D:2      | Noticed Sigmund
  2387 | D:2      | Reached XP level 5. HP: 31/38 MP: 5/9
  2419 | D:2      | Slain by Sigmund

Levels and vault maps discovered:
D:1:      dpeg_arrival_simpleton_b, layout_basic, minmay_pentomino_o4
D:2:      layout_basic, fedhas_altar_3, uniq_sigmund, uniq_robin, uniq_jessica

Skill      XL: |  1  2  3  4 |
---------------+-------------+-----
Armour         | 1 2 |  2.4
Fighting       | 1 2 |  2.2
Summonings     | 5 |  5.6
Dodging        | |  2.8
Stealth        | |  1.7
Spellcasting   | |  2.7

Action                   |  1- 3 |  4- 6 || total
-------------------------+-------+-------++-------
Melee: Unarmed           |   111 |       ||   111
       Rapier            |    24 |    17 ||    41
 Cast: Summon Small Mamm |     5 |     1 ||     6
       Call Imp          |     8 |     1 ||     9
       Call Canine Famil |     4 |     6 ||    10
 Abil: Hop               |       |     1 ||     1
  Use: Scroll            |     2 |     1 ||     3
       Potion            |       |     2 ||     2
  Eat: Chunk             |     5 |       ||     5
Armor: Gold dragon scale |    73 |       ||    73
       Robe              |    14 |     6 ||    20
       Skin              |       |    17 ||    17
Dodge: Dodged            |    54 |    17 ||    71

Table legend:
 A = Non-vault XP
 B = Vault XP
 C = Vault XP percentage of total XP
 D = Non-vault monster count
 E = Vault monster count
 F = Vault count percentage of total count
                 A         B        C        D         E       F
            +---------+---------+-------+---------+---------+-------
      Total |     145 |      20 |  12.1 |      44 |       2 |   4.3
            +---------+---------+-------+---------+---------+-------
        D:1 |      22 |       1 |   4.3 |      17 |       1 |   5.6
        D:2 |     123 |      19 |  13.4 |      27 |       1 |   3.6
            +---------+---------+-------+---------+---------+-------
